 Dungeon Sprint DCSS version 0.26-a0-720-g2a1d101370 (webtiles) character file.

Game seed: 13747931318369876880

916337 olmar the Minotaur Barricade (level 23, 0/264 HPs)
             Began as a Minotaur Fighter on Nov 3, 2020.
             Was an Initiate of Gozag.
             Engulfed by Ceso Onk the pandemonium lord's flame (3 damage)
             ... in the Dungeon (Sprint IX: "|||||||||||||||||||||||||||||").
             The game lasted 01:01:08 (10352 turns).

olmar the Minotaur Barricade (Minotaur Fighter)    Turns: 10352, Time: 01:01:09

Health: 0/264      AC: 49    Str: 37    XL:     23   Next: 20%
Magic:  53/53      EV: 29    Int:  7    God:    Gozag
Gold:   550        SH: 32    Dex: 16    Spells: 76/76 levels left

rFire    + . .     SeeInvis .   S - +9 eveningstar (protect)
rCold    + + .     Faith    .   c - +3 tower shield {rPois}
rNeg     . . .     Spirit   .   L - +9 crystal plate armour
rPois    +         Reflect  .   M - +1 hat
rElec    +         Harm     .   o - +1 cloak of Starlight {rElec rC+ EV+4 Stlth--}
rCorr    +         Rampage  .   q - +0 pair of gloves
MR       +....     NoTele   +   s - +1 pair of boots {run}
Stlth    ..........             n - amulet "Buwoecwi" {rC+ Regen+}
HPRegen  0.94/turn              a - ring "Hyffaf" {rF+ rCorr Str+2}
MPRegen  0.33/turn              d - ring of Linearity {Str+6 Dex+4 Slay+3}

@: gold aura, berserk cooldown, quick
A: retaliatory headbutt, horns 2, talons 1, clever 1, robust 1, MP-powered wands
0: Orb of Zot
}: 17/17 runes: decaying, serpentine, barnacled, slimy, elven, silver, golden,
iron, obsidian, icy, bone, abyssal, glowing, magical, fiery, dark, gossamer
a: Potion Petition, Call Merchant, Bribe Branch, Renounce Religion


You were in the Dungeon.
You worshipped Gozag.
Gozag was pleased with you.
You visited 1 branch You collected 51842 gold pieces.
You spent 11001 gold pieces at shops.
You paid 40291 gold pieces to Gozag.

Inventory:

Hand Weapons
 S - a +9 eveningstar of protection (weapon)
Armour
 b - +2 gold dragon scales
 c - a +3 tower shield of poison resistance (worn)
 o - the +1 cloak of Starlight (worn) {rElec rC+ EV+4 Stlth--}
   (You bought it in a shop in the Dungeon)

   It affects your evasion (+4).
   It protects you from cold.
   It insulates you from electricity.
   It makes you much less stealthy.
 p - a +0 pair of boots
 q - a +0 pair of gloves (worn)
 s - a +1 pair of boots of running (worn)
 y - the +2 cloak "Zemoumit" {Rampage rPois Int+3}
   (You bought it in a shop in the Dungeon)

   It affects your intelligence (+3).
   It protects you from poison.
   It bestows one free step when moving towards enemies.
 L - a +9 crystal plate armour (worn)
 M - a +1 hat (worn)
 N - the +2 pair of boots of Erusass {rC- rCorr Dex+7 Slay-6}
   (You bought it in a shop in the Dungeon)

   It affects your dexterity (+7).
   It affects your accuracy and damage with ranged weapons and melee attacks
   (-6).
   It makes you vulnerable to cold.
   It provides partial protection from all sources of acid and corrosion.
Jewellery
 a - the ring "Hyffaf" (left hand) {rF+ rCorr Str+2}
   (You took it off an orc knight in the Dungeon)

   [ring of resist corrosion]

   It affects your strength (+2).
   It protects you from fire.
   It provides partial protection from all sources of acid and corrosion.
 d - the ring of Linearity (right hand) {Str+6 Dex+4 Slay+3}
   (You bought it in a shop in the Dungeon)

   [ring of strength]

   It affects your strength (+6).
   It affects your dexterity (+4).
   It affects your accuracy and damage with ranged weapons and melee attacks
   (+3).
 n - the amulet "Buwoecwi" (around neck) {rC+ Regen+}
   (You bought it in a shop in the Dungeon)

   [amulet of regeneration]

   It protects you from cold.
   It increases your rate of regeneration.
 r - the ring "Rintegg" {+Inv rF+}
   (You bought it in a shop in the Dungeon)

   [ring of protection from fire]

   It protects you from fire.
   It lets you turn invisible.
 U - an uncursed ring of protection from cold
 W - the ring "Wehawn" {Fire *Slow MP+9 Int+2 SInv}
   (You found it in the Dungeon)

   [ring of fire]

   It enhances your fire magic.
   It affects your intelligence (+2).
   It protects you from fire.
   It makes you vulnerable to cold.
   It affects your magic capacity (+9).
   It lets you see invisible.
   It may slow you when you take damage.
 X - the ring of Kuavoximn {Wiz Dex+4 SInv}
   (You found it in the Dungeon)

   [ring of wizardry]

   It improves your spell success rate.
   It affects your dexterity (+4).
   It lets you see invisible.
 Y - the ring "Exautau" {+Blink rC+ Str+5 Dex-5}
   (You found it in the Dungeon)

   [ring of protection from cold]

   It affects your strength (+5).
   It affects your dexterity (-5).
   It protects you from cold.
   It lets you blink.
Scrolls
 l - 6 scrolls of remove curse
 m - 2 scrolls of amnesia
 u - 2 scrolls of magic mapping
 w - 7 scrolls of enchant weapon
 R - 2 scrolls of fear
Potions
 h - 9 potions of magic
 i - a potion of berserk rage
 k - 2 potions of stabbing
 t - 3 potions of flight
 C - 2 potions of invisibility
 I - 2 potions of mutation
 K - 2 potions of degeneration
Miscellaneous
 z - the horn of Geryon (inert)
 B - a phantom mirror (inert)
 O - a condenser vane (inert)


   Skills:
 O Level 27 Fighting
 O Level 27 Maces & Flails
 O Level 27 Throwing
 O Level 27 Armour
 O Level 27 Dodging
 O Level 27 Stealth
 O Level 27 Shields
 O Level 27 Unarmed Combat
 O Level 27 Spellcasting
 O Level 27 Evocations


You had 76 spell levels left.
You didn't know any spells.
Your spell library was empty.

Dungeon Overview and Level Annotations

Branches:
Dungeon (1/1)

Altars:
Cheibriados
Dithmenos
Elyvilon
Fedhas
Gozag
Hepliaklqana
Kikubaaqudgha
Makhleb
Nemelex Xobeh
Okawaru
Qazlal
Ru
Sif Muna
Trog
Uskayaw
Vehumet
Wu Jian
Xom
Yredelemnul
Zin
The Shining One
Beogh
Jiyva
Lugonu

Shops:
D *[(((*[[*[=[[(*(*[[}(


Innate Abilities, Weirdness & Mutations

You reflexively headbutt those who attack you in melee.
You have a pair of horns on your head.
You have sharp toenails.
Your mind is acute. (Int +2)
You are robust. (+10% HP)
You expend magic power (3 MP) to strengthen your wands.


Message History

You are engulfed in blazing flames.
You resist.
Ceso Onk closely misses your hell beast.
The fire vortex is engulfed in freezing vapours.
Your hell beast bites Ceso Onk!
Your hell beast completely misses Ceso Onk.
Ceso Onk gestures at your hell beast.
The bolt of dispelling energy hits your hell beast!! x2
Your hell beast dies!
The bolt of dispelling energy misses you.
Unknown command.
Unknown command.
Evoke which item? (* to show all) (? for menu, Esc to quit)
Okay, then.
Unknown command.
Okay, then.
You now have enough gold to petition Gozag for potion effects.
You now have 550 gold pieces (gained 171).
You are engulfed in blazing flames.
You resist.
You die...
Your body crumbles into a pile of gold.

▓▓▓▓▓▓▓▓▓▓▓▓▓▓▓▓▓▓▓▓▓▓▓▓▓▓▓▓▓▓▓▓▓
______________'..)......)))....')
▓▓▓▓▓▓▓▓▓▓▓▓▓▓▓▓▓▓▓▓▓▓▓▓▓▓▓▓▓▓▓▓▓
.......$.&2...°○@§§§.v...........
▓▓▓▓▓▓▓▓▓▓▓▓▓▓▓▓▓▓▓▓▓▓▓▓▓▓▓▓▓▓▓▓▓
...∩'.........$..........[.'..[[$
▓▓▓▓▓▓▓▓▓▓▓▓▓▓▓▓▓▓▓▓▓▓▓▓▓▓▓▓▓▓▓▓▓
(.......$$......[...............[
▓▓▓▓▓▓▓▓▓▓▓▓▓▓▓▓▓▓▓▓▓▓▓▓▓▓▓▓▓▓▓▓▓
'[[[........∩'[[$$$∩[○☼∩.∩.[...'.
▓▓▓▓▓▓▓▓▓▓▓▓▓▓▓▓▓▓▓▓▓▓▓▓▓▓▓▓▓▓▓▓▓
.....$.$$........................


You could see Ceso Onk, a fire vortex and a friendly hell beast (summoned).

Vanquished Creatures
  Cerebov (D)
  Antaeus (D)
  Asmodeus (D)
  Gloorx Vloq (D)
  Ereshkigal (D)
  Mnoleg (D)
  2 seraphim (D)
  Lom Lobon (D)
  Dispater (D)
  Mara (D)
  4 orbs of fire (D)
  5 ancient liches (D)
  Mennas (D)
  5 greater mummies (D)
  Boris (twice) (D)
  Sojobo (D)
  Frederick (D)
  Margery (D)
  A curse toe (D)
  Saint Roka (D)
  Xtahua (D)
  A caustic shrike (D)
  5 golden dragons (D)
  Nikola (D)
  A pandemonium lord (D)
  Geryon (D)
  Jory (D)
  A profane servitor (D)
  2 Brimstone Fiends (D)
  4 electric golems (D)
  A Tzitzimitl (D)
  2 hellephants (D)
  4 liches (D)
  A Hell Sentinel (D)
  A tentacled monstrosity (D)
  30 Orb Guardians (D)
  5 deep elf master archers (D)
  2 death cobs (D)
  3 quicksilver dragons (D)
  A tentacled starspawn (D)
  A deep elf blademaster (D)
  Frances (D)
  7 acid blobs (D)
  11 sphinxes (D)
  Gastronok (D)
  4 shadow dragons (D)
  8 storm dragons (D)
  2 tengu reavers (D)
  A draconian knight (D)
  A draconian monk (D)
  A fire giant (D)
  Ilsuiw (D)
  11 azure jellies (D)
  A daeva (D)
  5 nagarajas (D)
  A vault warden (D)
  A frost giant (D)
  3 black suns (D)
  A balrug (D)
  Louise (D)
  2 draconian scorchers (D)
  2 ghost moths (D)
  2 draconian shifters (D)
  2 draconian stormcallers (D)
  6 emperor scorpions (D)
  2 draconian annihilators (D)
  2 angels (D)
  2 ironheart preservers (D)
  A very ugly thing (D)
  3 stone giants (D)
  2 corrupters (D)
  2 deep elf demonologists (D)
  2 green draconians (D)
  A yellow draconian (D)
  2 white draconians (D)
  2 deep elf annihilators (D)
  7 vampire knights (D)
  A lorocyproca (D)
  3 red draconians (D)
  A purple draconian (D)
  3 black draconians (D)
  2 green deaths (D)
  A deep elf death mage (D)
  5 ettins (D)
  4 fire dragons (D)
  2 merfolk javelineers (D)
  4 death oozes (D)
  A blizzard demon (D)
  7 yaktaur captains (D)
  4 ice dragons (D)
  A great orb of eyes (D)
  2 deep elf high priests (D)
  A mummy priest (D)
  5 merfolk impalers (D)
  9 hydras (D)
  An ogre mage (D)
  25 vault guards (D)
  2 boulder beetles (D)
  3 naga warriors (D)
  A hell beast (D)
  A rakshasa (D)
  3 monstrous demonspawn (D)
  An anaconda (D)
  4 centaur warriors (D)
  A shambling mangrove (D)
  3 merfolk aquamancers (D)
  A death knight (D)
  A merfolk avatar (D)
  A deep troll earth mage (D)
  10 orc high priests (D)
  2 shock serpents (D)
  3 sun demons (D)
  Sonja (D)
  6 hell knights (D)
  A sixfirhy (D)
  2 shadow demons (D)
  2 infernal demonspawn (D)
  An unseen horror (shapeshifter) (D)
  7 swamp dragons (D)
  A flayed ghost (D)
  A spriggan druid (D)
  2 deep elf archers (D)
  A harpy (shapeshifter) (D)
  7 orc knights (D)
  4 ugly things (D)
  A deep elf mage (D)
  2 necromancers (D)
  4 wolf spiders (D)
  A salamander (shapeshifter) (D)
  10 moths of wrath (D)
  Joseph (D)
  An elephant (D)
  A water nymph (D)
  2 vault sentinels (D)
  A torpor snail (D)
  A black mamba (D)
  3 guardian serpents (D)
  3 cane toads (D)
  Psyche (D)
  3 naga magi (D)
  A rime drake (D)
  An efreet (D)
  3 komodo dragons (D)
  2 tormentors (D)
  3 demonic crawlers (D)
  2 yaktaurs (D)
  2 hellwings (D)
  21 guardian mummies (D)
  2 ice devils (D)
  A wandering mushroom (D)
  4 red devils (D)
  A troll (D)
  2 jumping spiders (D)
  6 merfolk (D)
  5 polar bears (D)
  4 hornets (D)
  A slime creature (D)
  A blink frog (shapeshifter) (D)
  2 bog bodies (D)
  A snapping turtle (D)
  11 spriggans (D)
  2 redbacks (D)
  A redback (shapeshifter) (D)
  2 ynoxinuls (D)
  A water elemental (D)
  2 tarantellas (D)
  4 yaks (D)
  A basilisk (shapeshifter) (D)
  A golden eye (D)
  A vampire mosquito (D)
  A naga (D)
  A floating eye (D)
  3 water moccasins (D)
  4 hell hounds (D)
  3 black bears (D)
  11 orc warriors (D)
  An ogre (D)
  A centaur (shapeshifter) (D)
  3 small abominations (D)
  2 centaurs (D)
  2 bullfrogs (D)
  A scorpion (D)
  2 wights (D)
  A hound (D)
  A jelly (D)
  4 orc priests (D)
  An iguana (D)
  3 orc wizards (D)
  A white imp (D)
  An ufetubus (D)
  An ooze (D)
  An adder zombie (D)
  9 orcs (D)
  A bat skeleton (D)
  2 bat zombies (D)
  A jackal (D)
  A kobold (D)
  A quokka (D)
  A bat simulacrum (D)
  A goblin (D)
  A rat (D)
  2 fire vortices (D)
556 creatures vanquished.

Vanquished Creatures (collateral kills)
  the Royal Jelly (D)
  2 golden dragons (D)
  2 Orb Guardians (D)
  A shadow dragon (D)
  A sphinx (D)
  A storm dragon (D)
  A fire giant (D)
  A vault warden (D)
  A draconian annihilator (D)
  A yellow draconian (D)
  A red draconian (D)
  A deep elf death mage (D)
  A death ooze (D)
  A naga warrior (D)
  A spriggan berserker (D)
  A salamander mystic (D)
  A cherub (D)
  2 orc knights (D)
  A moth of wrath (shapeshifter) (D)
  A guardian serpent (D)
  A naga mage (D)
  A guardian mummy (D)
  A hornet (D)
  An acid dragon (D)
  An orc wizard (D)
28 creatures vanquished.

Vanquished Creatures (others)
  An Executioner (D)
  A fire giant (D)
  A very ugly thing (D)
  An ogre mage (D)
  An unseen horror (D)
  An orange demon (D)
  A bog body (D)
  A wraith (D)
  An orc warrior (D)
  7 ball lightnings (D)
  A fire vortex (D)
17 creatures vanquished.

Grand Total: 601 creatures vanquished

Notes
Turn   | Place    | Note
-------+----------+-------------------------------------------
     0 | D        | olmar the Minotaur Fighter began the quest for the Orb.
     0 | D        | Reached XP level 1. HP: 19/19 MP: 0/0
     4 | D        | Banished a spatial maelstrom
    16 | D        | Reached XP level 2. HP: 28/28 MP: 1/1
    33 | D        | Reached skill level 5 in Fighting
    33 | D        | Reached skill level 5 in Armour
    33 | D        | Reached skill level 5 in Shields
    33 | D        | Reached XP level 3. HP: 19/36 MP: 2/2
    44 | D        | Found a roughly hewn altar of Beogh.
    44 | D        | Found a snail-covered altar of Cheibriados.
    44 | D        | Found a shadowy altar of Dithmenos.
    44 | D        | Found a white marble altar of Elyvilon.
    44 | D        | Found a blossoming altar of Fedhas.
    44 | D        | Found an opulent altar of Gozag.
    45 | D        | Found a hazy altar of Hepliaklqana.
    46 | D        | Found a viscous altar of Jiyva.
    47 | D        | Found an ancient bone altar of Kikubaaqudgha.
    48 | D        | Found a corrupted altar of Lugonu.
    49 | D        | Found a burning altar of Makhleb.
    50 | D        | Found a sparkling altar of Nemelex Xobeh.
    51 | D        | Found an iron altar of Okawaru.
    52 | D        | Became a worshipper of Gozag Ym Sagoz the Greedy
    53 | D        | Found a stormy altar of Qazlal.
    54 | D        | Found a sacrificial altar of Ru.
    55 | D        | Found a shimmering blue altar of Sif Muna.
    56 | D        | Found a bloodstained altar of Trog.
    57 | D        | Found a hide-covered altar of Uskayaw.
    58 | D        | Found a radiant altar of Vehumet.
    59 | D        | Found an ornate altar of the Wu Jian Council.
    60 | D        | Found a shimmering altar of Xom.
    61 | D        | Found a basalt altar of Yredelemnul.
    62 | D        | Found a glowing silver altar of Zin.
    63 | D        | Found a glowing golden altar of the Shining One.
   213 | D        | Noticed an orc warrior
   213 | D        | Noticed a scorpion
   213 | D        | Noticed a centaur
   215 | D        | Killed an orc warrior
   215 | D        | Reached XP level 4. HP: 47/47 MP: 3/3
   215 | D        | Reached XP level 5. HP: 52/52 MP: 4/4
   218 | D        | Killed a centaur
   218 | D        | Reached XP level 6. HP: 62/62 MP: 5/5
   231 | D        | Noticed a centaur warrior
   231 | D        | Noticed a yak
   231 | D        | Noticed a boulder beetle
   247 | D        | Killed a centaur warrior
   247 | D        | Reached skill level 10 in Fighting
   247 | D        | Reached skill level 10 in Armour
   247 | D        | Reached skill level 1 in Evocations
   247 | D        | Reached XP level 7. HP: 20/72 MP: 6/6
   251 | D        | Reached XP level 8. HP: 45/79 MP: 7/7
   270 | D        | Killed a boulder beetle
   270 | D        | Reached XP level 9. HP: 55/89 MP: 8/8
   358 | D        | Found the +8 Wrath of Trog {antimagic, *Rage}
   383 | D        | Noticed a komodo dragon
   383 | D        | Noticed an eight-headed hydra
   388 | D        | Noticed a rime drake
   398 | D        | Killed a komodo dragon
   398 | D        | Noticed a cane toad
   401 | D        | Killed an eight-headed hydra
   415 | D        | Killed a rime drake
   415 | D        | Reached skill level 15 in Maces & Flails
   419 | D        | Killed a cane toad
   419 | D        | Reached XP level 10. HP: 44/97 MP: 9/9
   432 | D        | Bought the ring of Linearity {Str+6 Dex+4 Slay+3} for 1124
                  | gold pieces
   466 | D        | Noticed an elephant
   466 | D        | Noticed a black mamba
   470 | D        | Killed an elephant
   472 | D        | Noticed a torpor snail
   482 | D        | Noticed a four-headed hydra
   486 | D        | Bought the amulet "Buwoecwi" {rC+ Regen+} for 572 gold
                  | pieces
   613 | D        | Killed a black mamba
   635 | D        | Killed a torpor snail
   642 | D        | Killed a four-headed hydra
   642 | D        | Reached skill level 15 in Shields
   652 | D        | Bought the ring "Rintegg" {+Inv rF+} for 507 gold pieces
   706 | D        | Reached XP level 11. HP: 72/108 MP: 10/10
   741 | D        | Noticed Joseph
   754 | D        | Killed Joseph
   769 | D        | Noticed Psyche
   777 | D        | Killed Psyche
   797 | D        | Noticed Sonja
   808 | D        | Killed Sonja
   900 | D        | Bought a scroll of magic mapping for 94 gold pieces
   900 | D        | Bought a scroll of identify for 54 gold pieces
   900 | D        | Bought a potion of curing for 81 gold pieces
   900 | D        | Bought an ichor-stained cloak for 256 gold pieces
   900 | D        | Bought a scroll of fog for 54 gold pieces
   911 | D        | Noticed an orc knight
   914 | D        | Noticed an orc knight
   949 | D        | Killed an orc knight
   974 | D        | Killed an orc knight
   974 | D        | Reached skill level 5 in Evocations
   984 | D        | Reached skill level 15 in Fighting
  1013 | D        | Bought a +2 morningstar of protection for 201 gold pieces
  1013 | D        | Bought a +4 morningstar of holy wrath for 350 gold pieces
  1033 | D        | Found Nouvovuf's Assorted Antiques.
  1033 | D        | Noticed an orc high priest
  1033 | D        | Noticed an orc high priest
  1033 | D        | Noticed an orc high priest
  1033 | D        | Noticed an orc knight
  1033 | D        | Noticed an orc high priest
  1033 | D        | Noticed an orc high priest
  1045 | D        | Killed an orc high priest
  1046 | D        | Found Vefotada's General Store.
  1048 | D        | Killed an orc high priest
  1052 | D        | Killed an orc high priest
  1060 | D        | Noticed a sixfirhy
  1061 | D        | Killed an orc knight
  1068 | D        | Killed an orc high priest
  1070 | D        | Found Imisy's Antique Armour Emporium.
  1071 | D        | Noticed an orc high priest
  1072 | D        | Noticed an orc knight
  1073 | D        | Noticed an orc high priest
  1076 | D        | Killed an orc high priest
  1078 | D        | Noticed a sixfirhy
  1078 | D        | Found Luz Xyv's Antique Armour Shoppe.
  1079 | D        | Noticed an orc knight
  1079 | D        | Noticed an orc high priest
  1080 | D        | Bought a phantom mirror for 960 gold pieces
  1088 | D        | Killed an orc high priest
  1090 | D        | HP: 1/114 [orc knight/+0 battleaxe (39)]
  1256 | D        | Killed an orc knight
  1257 | D        | Noticed a sixfirhy
  1270 | D        | Killed an orc high priest
  1270 | D        | Reached XP level 12. HP: 93/123 MP: 11/11
  1291 | D        | Noticed an orc high priest
  1302 | D        | Killed an orc high priest
  1312 | D        | Killed an orc high priest
  1348 | D        | Bought 2 potions of flight for 66 gold pieces
  1348 | D        | Bought a potion of invisibility for 88 gold pieces
  1348 | D        | Bought a potion of invisibility for 88 gold pieces
  1348 | D        | Noticed an orc high priest
  1356 | D        | Killed an orc high priest
  1381 | D        | Bought a masterwork plate armour for 672 gold pieces
  1386 | D        | Identified the +2 cloak "Zemoumit" {Rampage rPois Int+3}
                  | (You bought it in a shop in the Dungeon)
  1387 | D        | Identified the +7 plate armour "Bosadgh" {*Drain Dex+3}
                  | (You bought it in a shop in the Dungeon)
  1439 | D        | Noticed Gastronok
  1448 | D        | Killed Gastronok
  1550 | D        | Noticed a centaur warrior
  1551 | D        | Noticed a boulder beetle
  1554 | D        | Killed a centaur warrior
  1554 | D        | Reached skill level 15 in Armour
  1560 | D        | Noticed a stone giant
  1565 | D        | Noticed an ettin
  1570 | D        | Noticed a deep troll earth mage
  1580 | D        | Killed a boulder beetle
  1587 | D        | Killed a stone giant
  1588 | D        | Noticed a fire dragon
  1592 | D        | Noticed a rakshasa
  1603 | D        | Killed an ettin
  1606 | D        | Killed a deep troll earth mage
  1618 | D        | Killed a rakshasa
  1626 | D        | Killed a fire dragon
  1681 | D        | Noticed Frances
  1690 | D        | Killed Frances
  1690 | D        | Reached XP level 13. HP: 109/136 MP: 12/12
  1744 | D        | Bought a potion of curing for 90 gold pieces
  1744 | D        | Bought a scroll labeled GUDGHY NESEHAD for 30 gold pieces
  1744 | D        | Bought a murky ruby potion for 27 gold pieces
  1744 | D        | Bought a shiny iron wand for 120 gold pieces
  1744 | D        | Bought a scroll of fog for 60 gold pieces
  1744 | D        | Bought a scroll of identify for 60 gold pieces
  1744 | D        | Bought a potion of mutation for 240 gold pieces
  1859 | D        | Reached skill level 10 in Evocations
  1896 | D        | Noticed an emperor scorpion
  1901 | D        | Bought a pair of masterwork boots for 256 gold pieces
  1907 | D        | Killed an emperor scorpion
  1937 | D        | Noticed a merfolk impaler
  1937 | D        | Noticed a merfolk javelineer
  1944 | D        | Killed a merfolk impaler
  1950 | D        | Killed a merfolk javelineer
  1971 | D        | Bought a condenser vane (2/2) for 280 gold pieces
  2068 | D        | Noticed a fire giant
  2068 | D        | Noticed a white very ugly thing
  2074 | D        | Killed a fire giant
  2075 | D        | Noticed a fire giant
  2082 | D        | Noticed a lich
  2085 | D        | Noticed a stone giant
  2086 | D        | Noticed an ettin
  2087 | D        | Killed a white very ugly thing
  2089 | D        | Killed a fire giant
  2099 | D        | Reached XP level 14. HP: 50/149 MP: 13/13
  2109 | D        | Noticed a frost giant
  2109 | D        | Killed a stone giant
  2112 | D        | Paralysed by a lich for 5 turns
  2134 | D        | Killed a frost giant
  2138 | D        | Killed a lich
  2243 | D        | Identified the +2 pair of boots of Erusass {rC- rCorr Dex+7
                  | Slay-6} (You bought it in a shop in the Dungeon)
  2325 | D        | Noticed a stone giant
  2333 | D        | Killed a stone giant
  2342 | D        | Noticed a vault warden
  2354 | D        | Killed a vault warden
  2511 | D        | Noticed Jory
  2528 | D        | Killed Jory
  2653 | D        | Noticed Frederick
  2666 | D        | Killed Frederick
  2666 | D        | Reached XP level 15. HP: 162/162 MP: 14/14
  2668 | D        | Noticed a tengu reaver
  2670 | D        | Noticed Sojobo
  2672 | D        | Noticed a tengu reaver
  2675 | D        | Killed a tengu reaver
  2675 | D        | Reached skill level 1 in Dodging
  2694 | D        | Killed Sojobo
  2694 | D        | Reached skill level 15 in Evocations
  2697 | D        | Killed a tengu reaver
  2752 | D        | Noticed Nikola
  2756 | D        | Noticed Margery
  2772 | D        | Killed Nikola
  2775 | D        | Killed Margery
  2819 | D        | Noticed a nagaraja
  2819 | D        | Noticed a nagaraja
  2819 | D        | Noticed a nagaraja
  2823 | D        | Killed a nagaraja
  2829 | D        | Noticed a nagaraja
  2830 | D        | Killed a nagaraja
  2836 | D        | Killed a nagaraja
  2844 | D        | Killed a nagaraja
  2847 | D        | Noticed a nagaraja
  2860 | D        | Killed a nagaraja
  2875 | D        | Got a serpentine rune of Zot
  2891 | D        | Bought a +1 crystal plate armour for 1392 gold pieces
  2908 | D        | Noticed Ilsuiw
  2917 | D        | Reached skill level 27 in Shields
  2928 | D        | Killed Ilsuiw
  3026 | D        | Got a barnacled rune of Zot
  3048 | D        | Killed a ghost moth
  3061 | D        | Reached XP level 16. HP: 178/178 MP: 2/15
  3117 | D        | Got a gossamer rune of Zot
  3160 | D        | Got a decaying rune of Zot
  3188 | D        | Noticed Mara
  3189 | D        | Noticed olmar's illusion
  3200 | D        | Killed Mara
  3213 | D        | Noticed Boris
  3224 | D        | Killed Boris
  3331 | D        | Noticed Louise
  3333 | D        | Noticed Saint Roka
  3336 | D        | Noticed Xtahua
  3340 | D        | Killed Louise
  3340 | D        | Reached skill level 27 in Fighting
  3340 | D        | Reached skill level 27 in Maces & Flails
  3348 | D        | Killed Saint Roka
  3356 | D        | Killed Xtahua
  3390 | D        | Reached skill level 1 in Stealth
  3457 | D        | Reached skill level 5 in Stealth
  3501 | D        | Reached XP level 17. HP: 191/191 MP: 16/16
  3509 | D        | Noticed a golden dragon
  3524 | D        | Killed a golden dragon
  3586 | D        | Reached skill level 10 in Stealth
  3598 | D        | Noticed a quicksilver dragon
  3599 | D        | Noticed a golden dragon
  3607 | D        | Killed a quicksilver dragon
  3614 | D        | Killed a golden dragon
  3705 | D        | Got a silver rune of Zot
  3794 | D        | Got the ring "Wehawn" {Fire *Slow MP+9 Int+2 SInv}
  3796 | D        | Got the ring of Kuavoximn {Wiz Dex+4 SInv}
  3798 | D        | Found the +8 mithril axe "Arga" {speed, MR+}
  3798 | D        | Got the ring "Exautau" {+Blink rC+ Str+5 Dex-5}
  3800 | D        | Got the ring of Existentialism {rF+ Str-5 Int+3}
  3800 | D        | Identified the +11 scythe "Cupn" {elec, rPois rF+ MR+}
  3800 | D        | Identified the ring "Hyffaf" {rF+ rCorr Str+2}
  3921 | D        | Noticed Mennas
  3953 | D        | Killed Mennas
  4025 | D        | Reached skill level 27 in Evocations
  4086 | D        | Reached skill level 15 in Stealth
  4102 | D        | Noticed a golden dragon
  4105 | D        | Killed a golden dragon
  4117 | D        | Reached XP level 18. HP: 119/200 MP: 17/17
  4131 | D        | Noticed a golden dragon
  4146 | D        | Killed a golden dragon
  4239 | D        | Noticed a tentacled monstrosity
  4251 | D        | Killed a tentacled monstrosity
  4389 | D        | Reached skill level 27 in Armour
  4507 | D        | Bought the +1 cloak of Starlight {rElec rC+ EV+4 Stlth--}
                  | for 756 gold pieces
  4507 | D        | Found the +1 cloak of Starlight {rElec rC+ EV+4 Stlth--}
  4517 | D        | Noticed an Orb Guardian
  4517 | D        | Noticed an Orb Guardian
  4517 | D        | Noticed an Orb Guardian
  4517 | D        | Noticed an Orb Guardian
  4517 | D        | Noticed an Orb Guardian
  4517 | D        | Noticed an Orb Guardian
  4520 | D        | Noticed an Orb Guardian
  4522 | D        | Killed an Orb Guardian
  4527 | D        | Killed an Orb Guardian
  4530 | D        | Killed an Orb Guardian
  4532 | D        | Killed an Orb Guardian
  4533 | D        | Killed an Orb Guardian
  4534 | D        | Killed an Orb Guardian
  4535 | D        | Killed an Orb Guardian
  4538 | D        | Noticed an Orb Guardian
  4539 | D        | Noticed an Orb Guardian
  4540 | D        | Noticed an Orb Guardian
  4543 | D        | Killed an Orb Guardian
  4549 | D        | Killed an Orb Guardian
  4553 | D        | Killed an Orb Guardian
  4559 | D        | Noticed a golden dragon
  4559 | D        | Noticed an Orb Guardian
  4559 | D        | Noticed an Orb Guardian
  4559 | D        | Noticed a curse toe
  4561 | D        | Noticed an Orb Guardian
  4562 | D        | Killed a golden dragon
  4569 | D        | Killed an Orb Guardian
  4569 | D        | Killed an Orb Guardian
  4570 | D        | Killed an Orb Guardian
  4574 | D        | Noticed an Orb Guardian
  4579 | D        | Killed an Orb Guardian
  4682 | D        | Killed a curse toe
  4682 | D        | Reached XP level 19. HP: 89/207 MP: 18/18
  4741 | D        | Noticed an ancient lich
  4748 | D        | Killed an ancient lich
  4748 | D        | Reached skill level 27 in Stealth
  4754 | D        | Noticed an orb of fire
  4759 | D        | Killed an orb of fire
  4817 | D        | Noticed an electric golem
  4821 | D        | Killed an electric golem
  4821 | D        | Reached skill level 15 in Dodging
  4825 | D        | Noticed an ancient lich
  4825 | D        | Noticed an orb of fire
  4827 | D        | Noticed an orb of fire
  4834 | D        | Killed an ancient lich
  4835 | D        | Noticed an orb of fire
  4839 | D        | Noticed a golden dragon
  4841 | D        | Gained mutation: Your magical capacity is low. (-10% MP)
                  | [an orb of fire]
  4864 | D        | Noticed an electric golem
  4868 | D        | Gained mutation: You are frail. (-10% HP) [an orb of fire]
  4871 | D        | Gained mutation: You are very frail. (-20% HP) [an orb of
                  | fire]
  4871 | D        | Noticed an electric golem
  4878 | D        | Killed an orb of fire
  4887 | D        | Killed an orb of fire
  4888 | D        | Noticed an ancient lich
  4896 | D        | Killed an orb of fire
  4900 | D        | Killed a golden dragon
  4901 | D        | Noticed an electric golem
  4904 | D        | Killed an electric golem
  4912 | D        | Killed an ancient lich
  4912 | D        | Reached skill level 27 in Dodging
  4921 | D        | Killed an electric golem
  4921 | D        | Noticed a golden dragon
  4932 | D        | Killed an electric golem
  4934 | D        | Killed a golden dragon
  4954 | D        | Reached skill level 10 in Spellcasting
  4956 | D        | Reached XP level 20. HP: 131/172 MP: 26/31
  4975 | D        | Reached skill level 15 in Spellcasting
  5083 | D        | Noticed an ancient lich
  5084 | D        | Noticed an ancient lich
  5086 | D        | Killed an ancient lich
  5119 | D        | Killed an ancient lich
  5303 | D        | Got an elven rune of Zot
  5315 | D        | Lost mutation: You are very frail. (-20% HP) [potion of
                  | mutation]
  5315 | D        | Lost mutation: You are frail. (-10% HP) [potion of
                  | mutation]
  5315 | D        | Lost mutation: Your magical capacity is low. (-10% MP)
                  | [potion of mutation]
  5315 | D        | Gained mutation: Scrolls take you a little longer to read.
                  | [potion of mutation]
  5315 | D        | Gained mutation: You are agile. (Dex +2) [potion of
                  | mutation]
  5315 | D        | Gained mutation: You have large cloven feet. [potion of
                  | mutation]
  5316 | D        | Lost mutation: You have large cloven feet. [potion of
                  | mutation]
  5316 | D        | Lost mutation: You are agile. (Dex +2) [potion of mutation]
  5316 | D        | Gained mutation: You do not regenerate when monsters are
                  | visible. [potion of mutation]
  5316 | D        | Gained mutation: You are robust. (+10% HP) [potion of
                  | mutation]
  5317 | D        | Lost mutation: Scrolls take you a little longer to read.
                  | [potion of mutation]
  5317 | D        | Lost mutation: You do not regenerate when monsters are
                  | visible. [potion of mutation]
  5317 | D        | Lost mutation: You are robust. (+10% HP) [potion of
                  | mutation]
  5317 | D        | Gained mutation: You expend magic power (3 MP) to
                  | strengthen your wands. [potion of mutation]
  5317 | D        | Gained mutation: Your mind is acute. (Int +2) [potion of
                  | mutation]
  5317 | D        | Gained mutation: You have sharp toenails. [potion of
                  | mutation]
  5317 | D        | Gained mutation: You are robust. (+10% HP) [potion of
                  | mutation]
  5426 | D        | Noticed the Royal Jelly
  5435 | D        | Killed the Royal Jelly
  5453 | D        | Reached XP level 21. HP: 241/246 MP: 48/48
  5551 | D        | Got a slimy rune of Zot
  5650 | D        | Bought a scroll of identify for 32 gold pieces
  5650 | D        | Bought a potion of curing for 48 gold pieces
  5671 | D        | Paralysed by a sphinx for 7 turns
  5863 | D        | Bought shiny gold dragon scales for 2241 gold pieces
  5933 | D        | Noticed a greater mummy
  5957 | D        | Killed a greater mummy
  5957 | D        | Reached skill level 27 in Spellcasting
  6145 | D        | Noticed a greater mummy
  6145 | D        | Noticed a greater mummy
  6145 | D        | Noticed a greater mummy
  6195 | D        | Killed a greater mummy
  6222 | D        | Killed a greater mummy
  6240 | D        | Killed a greater mummy
  6410 | D        | Noticed a greater mummy
  6420 | D        | Killed a greater mummy
  6527 | D        | Bought a pair of embroidered boots for 202 gold pieces
  6537 | D        | Identified a +1 pair of boots of running (You bought it in
                  | a shop in the Dungeon)
  6554 | D        | Got a golden rune of Zot
  6597 | D        | Got an abyssal rune of Zot
  6721 | D        | Noticed Geryon
  6734 | D        | Killed Geryon
  6738 | D        | Identified the +7 sceptre of Asmodeus
  6738 | D        | Noticed Asmodeus
  6738 | D        | Identified the +6 sword of Cerebov {flame}
  6738 | D        | Noticed Cerebov
  6738 | D        | Noticed Gloorx Vloq
  6815 | D        | HP: 8/246 [Cerebov/great blast of fire (52)]
  6830 | D        | Killed Asmodeus
  6841 | D        | Killed Gloorx Vloq
  6868 | D        | Killed Cerebov
  6921 | D        | Got an obsidian rune of Zot
  6923 | D        | Noticed Lom Lobon
  6924 | D        | Noticed Ereshkigal
  6976 | D        | Killed Lom Lobon
  6976 | D        | Reached skill level 27 in Throwing
  6976 | D        | Reached XP level 22. HP: 99/256 MP: 52/52
  6981 | D        | Noticed Mnoleg
  6985 | D        | Got a fiery rune of Zot
  7020 | D        | HP: 9/256 [??? (7)]
  7480 | D        | Killed Ereshkigal
  7554 | D        | Killed Mnoleg
  7567 | D        | Got a dark rune of Zot
  7571 | D        | Got a magical rune of Zot
  7573 | D        | Noticed Antaeus
  7575 | D        | Identified the +4 staff of Dispater
  7575 | D        | Noticed Dispater
  7578 | D        | Got a glowing rune of Zot
  7588 | D        | Got a bone rune of Zot
  7921 | D        | Killed Antaeus
  8009 | D        | Killed Dispater
  8104 | D        | Got an icy rune of Zot
  8108 | D        | Got an iron rune of Zot
  8522 | D        | Got the Orb of Zot
  9034 | D        | Noticed Boris
  9044 | D        | Killed Boris
  9134 | D        | Reached skill level 27 in Unarmed Combat
  9165 | D        | Noticed a seraph
  9180 | D        | Killed a seraph
  9690 | D        | Noticed a caustic shrike
  9701 | D        | Killed a caustic shrike
  9833 | D        | Noticed a seraph
  9841 | D        | Noticed Fugh the pandemonium lord
  9861 | D        | Killed a seraph
  9861 | D        | Reached XP level 23. HP: 264/264 MP: 53/53
  9866 | D        | Killed Fugh the pandemonium lord
 10312 | D        | Noticed Ceso Onk the pandemonium lord
 10324 | D        | HP: 18/396 [Tzitzimitl/bolt of negative energy (33)]
 10332 | D        | HP: 11/264 [??? (8)]
 10341 | D        | HP: 10/264 [??? (8)]
 10349 | D        | HP: 1/264 [Ceso Onk the pandemonium lord/great blast of
                  | fire (9)]
 10352 | D        | Engulfed by Ceso Onk the pandemonium lord's flame

Illustrated notes

Levels and vault maps discovered:
D:        linesprint [early_d, line_temple, items_1, d_10, items_2, lair_1,
          lair_end, items_3, orc_1, orc_end, items_4, d_15, swamp_1, shoals_1,
          snake_1, spider_1, d_20, vaults_1, items_5, swamp_end, shoals_end,
          snake_end, spider_end, vaults_end, d_27, items_6, zot_1, zot_end,
          crypt_end, forest_end, elf_end, slime_end, tomb_end, abyss_end,
          pan_hell_end]

Skill      XL: |  1  2  3  4  5  6  7  8  9 10 11 12 13 14 15 16 17 18 19 20 21 22 |
---------------+-------------------------------------------------------------------+-----
Fighting       | 4 5 7 8 10 11 12 13 16 18 20 22 25 27 | 27.0
Armour         | 4 5 6 8 10 11 13 14 15 16 17 18 19 24 27 | 27.0
Shields        | 4 5 7 8 11 12 13 15 18 19 22 24 27 | 27.0
Maces & Flails | 4 6 8 11 13 15 17 19 20 22 24 25 27 | 27.0
Evocations     | 1 2 3 7 9 10 14 18 23 27 | 27.0
Dodging        | 2 27 | 27.0
Stealth        | 7 16 26 27 | 27.0
Spellcasting   | 12 24 27 | 27.0
Throwing       | 27 | 27.0
Unarmed Combat | 7 27 | 27.0

Action                   |  1- 3 |  4- 6 |  7- 9 | 10-12 | 13-15 | 16-18 | 19-21 | 22-24 || total
-------------------------+-------+-------+-------+-------+-------+-------+-------+-------++-------
Melee: Flail             |    27 |    16 |    39 |   170 |       |       |       |       ||   252
       Headbutt          |       |     2 |    12 |   108 |    88 |    97 |   122 |   140 ||   569
       Morningstar       |       |       |       |   162 |   222 |       |       |       ||   384
       Eveningstar       |       |       |       |       |    37 |   261 |   354 |   404 ||  1056
Invok: Call Merchant     |       |       |       |     3 |     6 |     3 |     5 |       ||    17
       Potion Petition   |       |       |       |       |       |       |     7 |     6 ||    13
 Abil: Evoke Invisibilit |       |       |       |     8 |     3 |       |       |       ||    11
Evoke: Wand              |     1 |     2 |     7 |       |    22 |       |       |       ||    32
       Phantom mirror    |       |       |       |     1 |    12 |    29 |    19 |     8 ||    69
       Condenser vane    |       |       |       |       |    33 |    39 |    46 |    13 ||   131
       Horn of Geryon    |       |       |       |       |       |       |     3 |     5 ||     8
  Use: Potion            |       |     1 |     4 |     3 |     3 |     2 |    27 |     9 ||    49
       Scroll            |       |       |       |     3 |    15 |     2 |     9 |     1 ||    30
 Stab: Distracted        |       |     1 |     1 |     4 |     6 |    11 |     7 |     3 ||    33
       Invisible         |       |     2 |       |    17 |     7 |       |       |       ||    26
       Sleeping          |       |       |       |       |       |       |     3 |       ||     3
Armor: Scale mail        |     7 |     6 |    10 |    34 |       |       |       |       ||    57
       Plate armour      |       |       |       |    13 |    63 |       |       |       ||    76
       Crystal plate arm |       |       |       |       |     9 |   119 |    70 |    55 ||   253
       Skin              |       |       |       |       |       |       |       |     8 ||     8
Dodge: Dodged            |     8 |     5 |    11 |    60 |    22 |    30 |    83 |    88 ||   307
Block: Kite shield       |    13 |     7 |    19 |   137 |       |       |       |       ||   176
       Tower shield      |       |       |       |    39 |   211 |   202 |   272 |   354 ||  1078

Table legend: (Time is in decaauts)
 A = Elapsed time spent in this place.
 B = Non-inter-level travel time spent in this place.
 C = Inter-level travel time spent in this place.
 D = Time resting spent in this place.
 E = Time spent auto-exploring this place.
 F = Levels seen in this place.
 G = Mean time per level.
                   A        B        C        D        E       F      G
               +--------+--------+--------+--------+--------+-----+--------+
         Total |   9486 |   7242 |   2244 |   2355 |      0 |   1 | 9486.0 |
       Dungeon |   9486 |   7242 |   2244 |   2355 |      0 |   1 | 9486.0 |
               +--------+--------+--------+--------+--------+-----+--------+

Top non-repeatable levels by time:
       D: 9486 daAuts
